 Dungeon Crawl Stone Soup version 0.13-a0-2630-gc2a47ca (webtiles) character file.

179 Rak the Skirmisher (level 4, -2/34 HPs)
             Began as a Demonspawn Abyssal Knight on Aug 5, 2013.
             Was a Believer of Lugonu.
             Slain by Grinder (8 damage)
             ... on Level 3 of the Dungeon.
             The game lasted 00:31:15 (3698 turns).

Rak the Skirmisher (Demonspawn Abyssal Knight)      Turns: 3698, Time: 00:31:16

HP  -2/34        AC 18     Str 17      XL: 4   Next: 64%
MP   5/5         EV  6     Int 13      God: Lugonu [**....]
Gold 67          SH  0     Dex 11      Spells:  0 memorised,  3 levels left

Res.Fire  : . . .   See Invis. : .   h - +2,+0 long sword
Res.Cold  : . . .   Warding    : .   x - +1 elf chain mail
Life Prot.: . . .   Conserve   : .   (no shield)
Res.Poison: .       Res.Corr.  : .   (helmet restricted)
Res.Elec. : .       Clarity    : .   (no cloak)
Sust.Abil.: . .     Spirit.Shd : .   (no gloves)
Res.Mut.  : .       Stasis     : .   F - +1 pair of boots
Res.Rott. : .       Flight     : .   (no amulet)
Saprovore : . . .                    j - +3 ring of strength
                                     i - +2 ring of protection

@: slightly resistant to hostile enchantments, extremely unstealthy
A: antennae 1, powered by death 1, AC +4, Dex -1
a: Depart the Abyss, Bend Space, Renounce Religion


You were on level 3 of the Dungeon.
You worshipped Lugonu.
Lugonu was most pleased with you.
You were very hungry.

You visited 1 branch of the dungeon, and saw 3 of its levels.
You visited the Abyss 1 time.

You collected 47 gold pieces.

Inventory:

Hand weapons
 a - a +2,+2 mace
 h - a +2,+0 long sword (weapon)
 q - a +0,+0 whip
 s - a -1,+0 orcish dagger (quivered)
 y - a +0,+0 short sword
 D - a cursed -3,+0 dagger
 K - a +0,+0 spear
Armour
 b - a +0 leather armour
 e - a +1 robe
 g - a +1 ring mail
 m - a +0 leather armour
 o - a +2 robe
 w - a +2 ring mail
 x - a +1 elven chain mail (worn)
 F - a +1 pair of boots (worn)
Magical devices
 I - a wand of polymorph (14) {unknown}
Comestibles
 c - a bread ration
 t - a slice of pizza
 z - a meat ration
 E - a rotting chunk of goblin flesh
 G - 2 rotting chunks of goblin flesh
 L - a chunk of rat flesh
 M - a chunk of bat flesh
Scrolls
 d - 4 scrolls of remove curse
 k - 5 scrolls of identify {unknown}
 n - a scroll of noise {unknown}
 p - a scroll of enchant weapon II {unknown}
 r - 3 scrolls of enchant armour {unknown}
 v - a scroll of fear {unknown}
 H - a scroll of curse weapon {unknown}
Jewellery
 i - a +2 ring of protection (left hand)
 j - a +3 ring of strength (right hand)
 l - an uncursed ring of protection from magic {unknown}
 B - an uncursed amulet of clarity {unknown}
 C - an uncursed ring of poison resistance {unknown}
Potions
 f - a potion of heal wounds {unknown}
 A - a potion of slowing {unknown}
 J - 2 potions of might {unknown}
Books
 u - a book of Burglary

   Spells                             Type                      Level
   Apportation                        Translocation                1
   Swiftness                          Charms/Air                   2
   Passwall                           Transmutation/Earth          3
   Passage of Golubria                Translocation                4
   Lee's Rapid Deconstruction         Earth                        5
   Darkness                           Hexes                        7


   Skills:
 + Level 3.9 Fighting
 + Level 0.1 Short Blades
 + Level 2.1 Maces & Flails
 + Level 2.6 Armour
 + Level 2.0 Dodging
 + Level 0.8 Stealth
 + Level 2.6 Invocations


You had 3 spell levels left.
You didn't know any spells.

Dungeon Overview and Level Annotations

Branches:
Dungeon (3/27)

Altars:

Annotations
D:3 Grinder; floatRand's ghost, average DsTm


Innate Abilities, Weirdness & Mutations

You have a pair of small antennae on your head.
You are partially covered in rough black scales (AC +4, Dex -1).
You can steal the life force of nearby defeated enemies.


Message History

Grinder hits you but does no damage.
You can move again.
Press: ? - help, v - describe, . - travel The floor.
You barely miss Grinder.
Grinder is moderately wounded.
Grinder hits you but does no damage.
Grinder says, "Don't move a muscle."
Grinder hits you but does no damage.
Unknown command.
You closely miss Grinder.
Grinder is moderately wounded.
Grinder gestures at you. Pain shoots through your body!
* * * LOW HITPOINT WARNING * * *
Unknown command.
You hit Grinder.
Grinder is heavily wounded.
Grinder hits you!
You die...

#..# #..# #..# #.# #.... #..#
#..# #..# #.# #.... #..# #..#
#..# #.# #.... #..# #..# #..# #.#
#.... #..# #..# #..# #.######....
#..#####################........>
#..#...# #.......#.#.............
#..#..# #.....#.#.#.........###
#....#..#..#...#@.#..#........#
#..##...#...#.#.5.#...#...%...#
#..# .........................#
#..# ###.#...#...#.#...#...#..#
#..# .#..#..#..%#..#..#...# #..#
.# #.#.....#.#.#....# #..#
#.#.......#.#.....# #..#
###################..# #..# #..#
...#


You could see Grinder.

Vanquished Creatures
  A gnoll (D:1)
  2 adders
  3 worms
  An ooze (D:2)
  6 giant cockroaches
  9 goblins
  3 hobgoblins
  4 jackals
  A quokka (D:3)
  2 ball pythons (D:1)
  7 bats
  5 giant newts
  12 kobolds
  14 rats
70 creatures vanquished.

Notes
Turn   | Place    | Note
--------------------------------------------------------------
     0 | Abyss:1  | Rak, the Demonspawn Abyssal Knight, began the quest for the Orb.
     0 | Abyss:1  | Reached XP level 1. HP: 16/16 MP: 1/1
    92 | Abyss:1  | Noticed a large abomination
    93 | Abyss:1  | Noticed a ynoxinul
    99 | D:1      | Escaped the Abyss
   467 | D:1      | Reached skill level 1 in Dodging
   695 | D:1      | Gained mutation: You have a pair of small antennae on your head. [demonic ancestry]
   695 | D:1      | Reached XP level 2. HP: 19/22 MP: 2/2
   819 | D:1      | Acquired Lugonu's first power
   927 | D:1      | Gained mutation: You can steal the life force of nearby defeated enemies. [demonic ancestry]
   927 | D:1      | Reached XP level 3. HP: 25/28 MP: 4/4
  2088 | D:2      | Gained mutation: You are partially covered in rough black scales (AC +4, Dex -1). [demonic ancestry]
  2088 | D:2      | Reached XP level 4. HP: 29/34 MP: 5/5
  2753 | D:2      | Acquired Lugonu's second power
  2899 | D:3      | Noticed floatRand's ghost (average DsTm)
  3679 | D:3      | Noticed Grinder
  3693 | D:3      | Paralysed by Grinder for 3 turns
  3698 | D:3      | Slain by Grinder

Action                   |  1- 3 |  4- 6 || total
-------------------------+-------+-------++-------
Melee: Mace              |   113 |    33 ||   146
       Long sword        |       |    72 ||    72
       Dagger            |       |    68 ||    68
       Short sword       |       |     4 ||     4
Invok: Depart the Abyss  |     1 |       ||     1
  Use: Scroll            |       |     1 ||     1
